Cogmind - Beta 13 @@@ ROGUE MODE // 2024.04.08 @ 15:08:06 Player: Slavanich Result: Destroyed by Y-45 Defender with Beam Rifle Performance ------------- Evolutions (1) 500 Regions Visited (3) 600 Robots Destroyed (39) 195 Value Destroyed (818) 818 Prototype IDs (1) 20 Alien Tech Used (0) 0 Bonus (0) 0 TOTAL SCORE: 2133 Bonus ------- None Cogmind --------- Core Integrity 0/400 Matter 300/300 Energy 280/280 System Corruption 2% Temperature Cool (9) Movement Core (1650) Ox32 Location -9/Materials Parts ------- > --- POWER (1) -------- Heavy Ion Engine > --- PROPULSION (2) --- (None) > --- UTILITY (3) ------ Huge Storage Unit Actuator Array > --- WEAPON (3) ------- Heavy Flail Heavy Flail > --- INVENTORY (25) --- Hover Unit Heat Sink Large Storage Unit Compact Matter Pod (84) Structural Scanner Experimental Sensor Array Signal Interpreter Actuator Array Actuator Array Core Shielding Utility Shielding Heavy EM Pulse Gun Improved Assault Rifle Improved Assault Rifle Mining Laser Peak State ------------ > --- POWER ------------ Light Ion Engine > --- PROPULSION ------- Aluminum Leg Aluminum Leg > --- UTILITY ---------- Large Storage Unit Actuator Array Utility Shielding > --- WEAPON ----------- Heavy Flail Heavy Flail Heavy Flail > --- INVENTORY -------- Hover Unit Heat Sink Compact Matter Pod Structural Scanner Experimental Sensor Array Signal Interpreter Actuator Array Actuator Array Core Shielding Improved Power Shielding Utility Shielding Improved Assault Rifle Mining Laser [Rating: 20] Favorites ----------- Power Light Ion Engine Engine Light Ion Engine Propulsion Aluminum Leg Leg Aluminum Leg Wheel Wheel Utility Large Storage Unit Device Improved Terrain Scanner Storage Large Storage Unit Hackware Hacking Suite Protection Utility Shielding Weapon Light Cannon Energy Gun Medium Laser Ballistic Gun Light Assault Rifle Ballistic Cannon Light Cannon Impact Weapon Heavy Flail Build | -11 -10 -10 -9 ------- Run | Yrd Mat Min Mat Slots Evolved 2 | . . . 2 Power . | . . . . Propulsion . | . . . . Utility 1 | . . . 1 Weapon 1 | . . . 1 Parts Attached 34 | 9 8 3 14 Power 5 | 1 1 . 3 Engine 5 | 1 1 . 3 Core . | . . . . Reactor . | . . . . Propulsion 8 | 2 1 1 4 Treads . | . . . . Leg 5 | 2 . . 3 Wheel 3 | . 1 1 1 Hover . | . . . . Flight . | . . . . Utility 10 | 3 4 . 3 Device 4 | 2 1 . 1 Storage 3 | 1 1 . 1 Processor . | . . . . Hackware 1 | . 1 . . Protection 2 | . 1 . 1 Artifact . | . . . . Weapon 11 | 3 2 2 4 Energy Gun 1 | 1 . . . Energy Cannon . | . . . . Ballistic Gun 3 | 2 . . 1 Ballistic Cannon 4 | . 2 2 . Launcher . | . . . . Special Weapon . | . . . . Impact Weapon 3 | . . . 3 Slashing Weapon . | . . . . Piercing Weapon . | . . . . Special Melee Weapon . | . . . . Unidentified Prototypes 1 | . . . 1 Parts Lost 12 | . 4 2 6 Power 2 | . 1 . 1 Propulsion 6 | . 1 1 4 Utility 1 | . 1 . . Weapon 3 | . 1 1 1 Highest Loss Streak 4 | . 4 1 3 To Critical Strikes . | . . . . Average Slot Usage (%) 88 | . 93 94 78 Engine 12 | . 13 14 10 Leg 11 | . 19 . 10 Wheel 9 | . 3 23 5 Device 5 | . 8 . 6 Storage 12 | . 14 14 11 Hackware 5 | . 1 14 4 Protection 4 | . 2 . 9 Ballistic Gun 7 | . 19 . 1 Ballistic Cannon 10 | . 8 26 2 Impact Weapon 5 | . . . 16 Naked Turns . | . . . . Heaviest Build 100 | 8 32 31 100 Greatest Support 26 | 20 20 26 26 Greatest Overweight (x) 32 | . 3 3 32 Average Overweight (x) 1 | . 1 1 2 Largest Inventory Capacity 25 | 5 15 15 25 Average Capacity 14 | 5 13 15 18 Most Carried 15 | 5 9 15 15 Average Carried 9 | 2 6 10 13 Final Capacity 25 | 5 15 15 25 Final Carried 15 | 2 9 15 15 Class Distribution -------------------- 76% | Mutant 21% | Gladiator Dominant Class ---------------- Mutant | -10/Materials Mutant | -10/Mines Gladiator | -9/Materials Resources | -11 -10 -10 -9 ----------- Run | Yrd Mat Min Mat Matter Collected 1268 | 332 253 227 456 Remotely . | . . . . Salvage Created 1079 | 75 428 89 487 Parts 53 | 9 22 5 17 Haulers Intercepted 1 | . . . 1 Recyclers Shooed 1 | . 1 . . Parts Field Recycled . | . . . . Retrieved Matter . | . . . . Parts Self-Destructed . | . . . . Prevented . | . . . . Kills | -11 -10 -10 -9 ------- Run | Yrd Mat Min Mat Combat Hostiles Destroyed 25 | 1 8 6 10 Melee 4 | . . . 4 Guns 7 | 1 5 . 1 Cannons 13 | . 3 6 4 Classes Destroyed 11 | 3 3 2 3 Worker 6 | 1 3 . 2 Builder 1 | . 1 . . Tunneler 1 | 1 . . . Hauler 1 | . . . 1 Recycler 3 | . 1 . 2 Mechanic 1 | . . . 1 Operator 1 | . 1 . . Watcher 1 | . . . 1 Swarmer 5 | . . 2 3 Grunt 19 | 1 8 3 7 Assembled 1 | . . 1 . Best Kill Streak 4 | 1 4 2 4 Combat Bots Only 3 | 1 2 2 3 Max Kills in Single Turn 1 | 1 1 1 1 Gunslinging . | . . . . Exploded . | . . . . Melee 1 | . . . 1 Uniques/NPCs Destroyed . | . . . . Combat | -11 -10 -10 -9 -------- Run | Yrd Mat Min Mat Hostile Shots Fired 241 | 3 61 35 142 Missed 68 | 2 14 12 40 Damage Taken 2213 | 12 599 335 1267 Core 615 | . 141 73 401 Absorbed by Shields . | . . . . Redirected to Shielding 21 | . . . 21 Core Remaining (%) 57 | 100 . 14 . Volleys Fired 161 | 7 60 49 45 Largest 2 | 2 2 2 1 Hottest 70 | 40 70 70 35 Shots Fired 257 | 14 120 78 45 Gun 119 | 14 92 . 13 Cannon 138 | . 28 78 32 Launcher . | . . . . Special . | . . . . Kinetic 257 | 14 120 78 45 Thermal . | . . . . Explosive . | . . . . Electromagnetic . | . . . . Robot Hit Streak 19 | 4 19 5 18 Robot Miss Streak 7 | 2 7 3 2 Penetration Max . | . . . . Secondary Targets 1 | . 1 . . Max Gunslinging Chain 1 | . 1 . . Shots Hit Robots 158 | 9 71 24 54 Core Hits 51 | 4 28 6 13 Critical Kills 1 | . . . 1 Critical Parts Destroyed 1 | . . . 1 Critical Strikes 4 | . 1 1 2 Blast 2 | . 1 1 . Smash 2 | . . . 2 Melee Attacks 29 | . . . 29 Impact 29 | . . . 29 Slashing . | . . . . Piercing . | . . . . Sneak Attacks 6 | . . . 6 Combat Hostiles . | . . . . Follow-up Attacks 5 | . . . 5 Damage Inflicted 2922 | 72 783 366 1701 Guns 577 | 72 438 . 67 Cannons 1104 | . 345 328 431 Explosions . | . . . . Melee 1199 | . . . 1199 Ramming 42 | . . 38 4 Kinetic 1681 | 72 783 328 498 Thermal . | . . . . Explosive . | . . . . Electromagnetic . | . . . . Impact 1199 | . . . 1199 Slashing . | . . . . Piercing . | . . . . Highest Corruption 3 | . . 3 2 Average Corruption 2 | . . 2 1 Corruption Purged . | . . . . Corruption Blocked . | . . . . Effects 14 | . . 2 12 Message Errors 4 | . . 1 3 Matter Fused 3 | . . . 3 Energy Discharges 2 | . . . 2 Parts Rejected 2 | . . . 2 Data Loss (minor) 3 | . . 1 2 Overload Shots . | . . . . Overflow Damage 467 | . . . 467 Projectiles . | . . . . Explosions . | . . . . Melee 467 | . . . 467 Knockbacks 15 | . 5 3 7 Impact 4 | . . . 4 Kinetic 11 | . 5 3 3 Secondary . | . . . . Self-Inflicted Damage 33 | . . 33 . Shots . | . . . . Rammed 1 | . . 1 . Targets Rammed 2 | . . 1 1 Kicked 1 | . . . 1 Crushed . | . . . . Highest Temperature 54 | . 41 54 6 Average Temperature 14 | . 11 18 3 Received Heat Transfer 990 | 6 354 66 564 Siege Activations . | . . . . Robots Corrupted . | . . . . Combat Hostiles . | . . . . Parts Fried 6 | . . . 6 Impact Corruptions 12 | . . . 12 Robots Melted . | . . . . Combat Hostiles . | . . . . Parts Melted . | . . . . Heat Transferred . | . . . . Parts Sabotaged . | . . . . Parts Stolen . | . . . . Parts Stripped . | . . . . Power Chain Reactions . | . . . . Alert | -11 -10 -10 -9 ------- Run | Yrd Mat Min Mat Peak Influence 269 | 30 170 55 269 Initial 21 | . 19 15 21 Average 63 | 7 64 17 106 Maximum Alert Level 1 | . . . 1 Low Security (%) 97 | 100 100 100 92 Level 1 2 | . . . 7 Level 2 . | . . . . Level 3 . | . . . . Level 4 . | . . . . Level 5 . | . . . . High Security . | . . . . Max Security . | . . . . Squads Dispatched 5 | . 4 . 1 Investigation 3 | . 3 . . Extermination . | . . . . Reinforcement 2 | . 1 . 1 Assault . | . . . . Garrison . | . . . . Intercept . | . . . . Searches Triggered . | . . . . Construction Impeded . | . . . . Haulers Reinforced . | . . . . Active Scanning Responses . | . . . . Cargo Convoy Interrupts . | . . . . Stealth | -11 -10 -10 -9 --------- Run | Yrd Mat Min Mat Distress Signals 1 | . . . 1 Communications Jammed . | . . . . Distress Signals . | . . . . Times Spotted 44 | 1 16 6 21 Peak Tracking Total 5 | 1 3 2 5 Tactical Retreats 1 | . . . 1 Traps | -11 -10 -10 -9 ------- Run | Yrd Mat Min Mat Traps Triggered 4 | . 2 . 2 Indirectly . | . . . . Trap Hack Attempts . | . . . . Triggered . | . . . . Disarmed . | . . . . Reprogrammed . | . . . . Reused . | . . . . Traps Extracted . | . . . . Installed . | . . . . Triggered . | . . . . Machines | -11 -10 -10 -9 ---------- Run | Yrd Mat Min Mat Machines Disabled 1 | . 1 . . Max in Single Turn 1 | . 1 . . Machines Repaired . | . . . . Machines Dismantled . | . . . . Machines Sabotaged . | . . . . Overloaded Fab Kills . | . . . . Hacking | -11 -10 -10 -9 --------- Run | Yrd Mat Min Mat Machines Accessed 4 | . 3 . 1 Terminals 4 | . 3 . 1 Fabricators . | . . . . Repair Stations . | . . . . Recycling Units . | . . . . Scanalyzers . | . . . . Garrison Access . | . . . . Total Hacks 14 | . 12 . 2 Successful 11 | . 9 . 2 Failed 3 | . 3 . . Catastrophic . | . . . . Database Lockouts . | . . . . Manual . | . . . . Terminals 14 | . 12 . 2 Fabricators . | . . . . Repair Stations . | . . . . Recycling Units . | . . . . Scanalyzers . | . . . . Garrison Access . | . . . . Terminal Hacks 11 | . 9 . 2 Record 2 | . 2 . . Alert Level 4 | . 4 . . Locate Traps 1 | . 1 . . Surveillance Status 1 | . 1 . . Hauler Manifests 1 | . . . 1 Registered Components 1 | . . . 1 Zone Layout 1 | . 1 . . Fabricator Hacks . | . . . . Repair Station Hacks . | . . . . Recycling Unit Hacks . | . . . . Scanalyzer . | . . . . Garrison Access Hacks . | . . . . Unauthorized Hacks . | . . . . Terminals . | . . . . Fabricators . | . . . . Repair Stations . | . . . . Recycling Units . | . . . . Scanalyzers . | . . . . Garrison Access . | . . . . Data Cores Recovered . | . . . . Used . | . . . . Hacking Detections 3 | . 3 . . Full Trace Events 3 | . 3 . . Feedback Events . | . . . . Feedback Blocked . | . . . . Robot Schematics Acquired . | . . . . Robots Built . | . . . . Authchips . | . . . . Time . | . . . . Total Robot Build Rating . | . . . . Part Schematics Acquired . | . . . . Parts Built . | . . . . Authchips . | . . . . Time . | . . . . Total Part Build Rating . | . . . . Parts Repaired . | . . . . Time . | . . . . Parts Recycled . | . . . . Recycled Matter . | . . . . Retrieved Matter . | . . . . Retrieved Components . | . . . . Parts Scanalyzed . | . . . . Part Schematics Acquired . | . . . . Parts Damaged . | . . . . Bothacking | -11 -10 -10 -9 ------------ Run | Yrd Mat Min Mat Used RIF Installer . | . . . . Robots Hacked . | . . . . Non-combat . | . . . . Combat . | . . . . Robot Hacks Applied . | . . . . Relay Couplers Released . | . . . . Fabnet Peak Effective % . | . . . . Robots Rewired . | . . . . Allies Hacked . | . . . . Hacks Repelled . | . . . . Allies | -11 -10 -10 -9 -------- Run | Yrd Mat Min Mat Total Allies . | . . . . Largest Group . | . . . . Highest-Rated Group . | . . . . Highest-Rated Ally . | . . . . Total Orders . | . . . . Ally Attacks . | . . . . Total Damage . | . . . . Kills . | . . . . Allies Corrupted . | . . . . Allies Melted . | . . . . Intel | -11 -10 -10 -9 ------- Run | Yrd Mat Min Mat Robot Analysis Total . | . . . . Derelict Logs Recovered 1 | . . 1 . Drone Launches . | . . . . Drone Recoveries . | . . . . Exploration | -11 -10 -10 -9 ------------- Run | Yrd Mat Min Mat Turns Passed 2687 | 198 916 651 922 Spaces Moved 1400 | 140 469 467 324 Core 30 | 25 . . 5 Treads . | . . . . Legs 580 | 115 300 . 165 Wheels 790 | . 169 467 154 Hover . | . . . . Flight . | . . . . Fastest Speed 50 | 50 120 105 105 Average Speed 150 | 107 153 106 227 Slowest Speed 1650 | 120 330 125 1650 Overloaded Moves . | . . . . Propulsion Burnouts . | . . . . Robots Hopped . | . . . . Cave-ins Triggered . | . . . . Exploration Rate (%) 44 | 6 48 95 29 Regions Visited 3 Branch Regions 1 Pre-discovered Areas . | . . . . Known Exits Taken . | . . . . Unknown Exits Taken 3 | 1 1 1 . Scrap Searched 1 | . . 1 . Spaces Dug . | . . . . Terrain Destroyed . | . . . . Melee . | . . . . Projectile . | . . . . AOE . | . . . . Terrain Rammed 4 | . . 4 . Walls Destroyed . | . . . . Machines Disabled . | . . . . Actions | -11 -10 -10 -9 --------- Run | Yrd Mat Min Mat Total 1725 | 179 565 542 439 Wait 22 | 5 9 8 . Move 1397 | 139 468 466 324 Hop . | . . . . Pick Up 56 | 13 14 9 20 Fast Attach . | . . . . Attach 32 | 9 8 3 12 Detach 4 | 2 2 . . Swap 2 | . . . 2 Drop 22 | 4 4 2 12 Fire 161 | 7 60 49 45 Melee 23 | . . . 23 Ram 5 | . . 5 . Kick 1 | . . . 1 Crush . | . . . . Escape Stasis . | . . . . Rewire . | . . . . Trap . | . . . . Miscellaneous . | . . . . Route ------- -11/Scrapyard -10/Materials (discovered 2 exits: Mat / [*Min]) -10/Mines (discovered 3 exits: *Mat x2 / [*Exi]) -9/Materials (discovered 2 exits: *Min x2) History --------- Turn | Location | Event 2 | -11/Scrapyard | Met Revision 17 145 | -11/Scrapyard | Discovered new exit (range 8) 199 | -11/Scrapyard | Entered Materials 261 | -10/Materials | Discovered new exit (range 12) 307 | -10/Materials | Build established: Mutant 731 | -10/Materials | Discovered new exit (range 13) 810 | -10/Materials | Core integrity fell below 50% 853 | -10/Materials | Lost 4 parts (1p1n1u1w) 1115 | -10/Materials | Entered Mines 1120 | -10/Mines | Met a Derelict bent on vengeance 1171 | -10/Mines | Found a damaged Exp. Sensor Array with a note attached 1174 | -10/Mines | Found Prototype Device 1262 | -10/Mines | Discovered new exit (range 9) 1281 | -10/Mines | Learned 2 Materials zone layouts 1361 | -10/Mines | Deemed a non-threat by the Exiles lab entrance 1361 | -10/Mines | Discovered new exit (range 5) 1580 | -10/Mines | Discovered new exit (range 7) 1599 | -10/Mines | Excavation squad dispatched 1599 | -10/Mines | A large section of the Mines collapsed 1714 | -10/Mines | Core integrity fell below 20% 1766 | -10/Mines | Entered Materials 1766 | -9/Materials | Evolved 2 slots: Utility x1, Weapon x1 1767 | -9/Materials | Identified exit to Mines 2267 | -9/Materials | Discovered exit to Mines (range 12) 2330 | -9/Materials | Core integrity fell below 50% 2371 | -9/Materials | Lost 3 parts (1p2n) 2429 | -9/Materials | Build established: Gladiator 2663 | -9/Materials | Core integrity fell below 20% 2688 | -9/Materials | Destroyed by Y-45 Defender with Beam Rifle Last Messages --------------- R-06 Scavenger collects Corrupted Aluminum Leg. System corrupted: Energy discharge (-98). K-01 Serf cleans the Repair Station. System corrupted: Utility Shielding rejected. R-06 Scavenger collects Utility Shielding. Sneak attack on R-06 Scavenger. Destroyed Tractor Beam. R-06 Scavenger system corrupted by crushing effect. R-06 Scavenger knocked back. R-06 Scavenger system terminally corrupted. Com. Wheel fried. K-01 Serf cleans the Repair Station. Acquired 79 matter. K-01 Serf collects debris. K-01 Serf cleans the Repair Station. KE&Q5I>YL8/O,#0E>VQIKPPNMFIKPSPFM Aluminum Leg destroyed. System corrupted: Energy discharge (-56). [Achievement: First Step to Greatness] Map ----- +----------------------------------------------------+ | ???########????????????????????????????????? # | | ???# = #????????????????????????????????? # | | #### #????????????????????????????????? # | | + """ #????????????????????????????????? # | | # """ #????????????????????????????????? # | | + """ #????????????????????????????????? # | | # #?????????????????????????????????+##### | | ############### #???????????????????????? | | #???????????????????????? | | #########????????????????????? | | #""|"|""#?????????????????????###### | | #### " " # "|"|" #???????????? ????? | | ## "R" # #######+## ????? "" | | ## """ ????""" T | | ## > + ?????? | | ## ! # ?????? | | ## #####+## ##+####### # ?????? | | ## ## ########## ######### # ?????? | | #### ## #????????# T # ## # ?????? | | ???# ## #????????# # "" ## ##?????? | | ???# ## #????????# ! # ""S ## ##?????? | | ???# ## !!%#????????# # "" # #?????? | | ???# ## * !#????????# """ # # #?????? | | ???# ## #????????# """ # + #?????? | | ???# ## ! #????##### """ # # #?????? | | ???# ## #???? # @ # # #?????? | | #### ## #????" # """ # ### ###?????? | | # ## #????"" # Y""" # #?# #?#?????? | | # ## #????"" # """ # #?# #?#?????? | | # ####+###????"" # # #?# #?#?????? | | # #??# #??????" ### #### #?# #?#?????? | | # #??# #??????"" #?###??########## ###?????? | | # #??# #??????"" #?????????????# #?????? | | + #??# #??????"" ############### ?????? | | # #??? ??????" / ?????? | | # #???#??????? ############### ?????? | | #### #########???#+### #???????# #?????? | | #???????###+###?????? | | > #???????# #?????? | | ???????????????????????????!? | | ####################?????????????????????????????? | | #????????????????????????????????????????????????? | | #????????????????????????????????????????????????? | | #????????????????????????????????????????????????? | | #????????????????????????????????????????????????? | | ?????????????????????????????????????????????????? | | ?????????????????????????????????????????????????? | | ?????????????????????????????????????????????????? | | ?????????????????????????????????????????????????? | | ?????????????????????????????????????????????????? | +----------------------------------------------------+ Best States ------------- Heat Dissipation 35 Energy Generation 14 Energy Capacity 280 Matter Stores 400 Matter Capacity 400 Sight Range 16 Terrain Scan Range 16 Terrain Scan Density 10 Utility Shielding 33 Evasion (%) 55 Offensive Hacking 10 Item Schematics ----------------- None Robot Schematics ------------------ None Fabricated ------------ Nothing Alien Tech Used ----------------- None Achievements -------------- Crack Shot First Step to Greatness Loot Pinata One Hack Too Far Risk Taker Shopping List Storm Trooper Uninvited Guest Challenges ------------ None Game ------ Seed StasisBiometalCompressor Manual? 0 Play Time 00:51:49 Cumulative 0.8 hours Start 2024.04.08 @ 14:12:46 End 2024.04.08 @ 15:08:06 Sessions 1 Manual Loads 0 Difficulty Rogue Special Mode None Game No. 1 Rogue 1 Adventurer 0 Explorer 0 Win Type - Total 0 Types 0/0/0/0/0/0/0/0/0 Lore% 0 Gallery% 1 Achievement% 3 Wizard Run 0 Options --------- Layout 1 ASCII 0 Keyboard 0 Movement Mouse Keybinds 0 Fullscreen 1 Font 24/Terminus Map View 50x35 Zoom Use 0% Tactical HUD 0 Map Filters NONE Filters NONE Steam 0 RUN: 640aaa81-275b-4400-b629-fe3d63f4a982